 Dungeon Crawl Stone Soup version 0.20.1-1-g8b1a95d (webtiles) character file.

26093 McKennaii the Thaumaturge (level 12, -3/95 HPs)
             Began as a Purple Draconian Conjurer on Aug 6, 2017.
             Was a High Priest of Sif Muna.
             Slain by a lindwurm (15 damage)
             ... summoned by Kirke
             ... on level 13 of the Dungeon.
             The game lasted 00:58:56 (23127 turns).

McKennaii the Thaumaturge (DrCj)                   Turns: 23127, Time: 00:58:57

Health: -3/95      AC:  0    Str: 10 (11) XL:     12   Next: 95%
Magic:  3/30       EV: 17    Int: 18 (20) God:    Sif Muna [*****.]
Gold:   1063       SH:  0    Dex: 11 (12) Spells: 12/40 levels left

rFire    . . .     SeeInvis .     - Unarmed
rCold    . . .     Gourm    .   (shield currently unavailable)
rNeg     . . .     Faith    .   (armour unavailable)
rPois    .         Spirit   .   (helmet currently unavailable)
rElec    .         Reflect  .   (cloak currently unavailable)
rCorr    .         Harm     .   (gloves currently unavailable)
MR       +....                  (boots currently unavailable)
Stlth    ++........             (no amulet)
Regen    0.3/turn               (ring currently unavailable)
MPRegen  0.3/turn               (ring currently unavailable)

@: about to teleport, pig-form, slowed, studying Dodging, divine energy
A: (breathe power), unfitting armour, deterioration 1, sense surroundings 1, AC
+8
a: Stop Divine Energy, Channel Magic, Forget Spell, Renounce Religion


You were on level 13 of the Dungeon.
You worshipped Sif Muna.
Sif Muna was extremely pleased with you.
You were very hungry.
You were a filthy swine.
You visited 2 branches of the dungeon, and saw 14 of its levels.
You also visited: Sewer.

You collected 1063 gold pieces.

Inventory:

Armour
 s - a +0 pair of boots (melded)
 w - a +2 pair of gloves of dexterity (melded)
 z - a +0 cloak (melded)
Magical Staves
 L - an uncursed staff of death (melded)
Jewellery
 y - an uncursed ring of protection from magic
 B - a ring of protection from cold (melded)
 R - an uncursed ring of positive energy
 S - a ring of magical power (melded)
Wands
 u - a wand of acid (7/15)
 K - a wand of confusion (30/48)
 M - a wand of disintegration (13/24)
 Q - a wand of polymorph (13/24)
Scrolls
 c - 2 scrolls of identify
 d - a scroll of blinking {unknown}
 e - 4 scrolls of enchant weapon
 f - a scroll of enchant armour {unknown}
 g - a scroll of summoning {unknown}
 h - 2 scrolls of fear
 i - a scroll of random uselessness {unknown}
 k - 7 scrolls of teleportation
 q - 2 scrolls of immolation {unknown}
 r - 6 scrolls of remove curse
 v - 2 scrolls of vulnerability {unknown}
 x - 2 scrolls of recharging {unknown}
 F - a scroll of silence {unknown}
 N - a scroll of magic mapping {unknown}
 O - a scroll of acquirement {unknown}
Potions
 j - a potion of agility
 n - 4 potions of curing
 t - 2 potions of haste
 C - 5 potions of might
 E - 2 potions of brilliance
 G - a potion of mutation
 J - a potion of flight
Books
 a - a book of Conjurations

   Spells                             Type                      Level
   a - Magic Dart                     Conjuration                  1
   b - Searing Ray                    Conjuration                  2
   c - Dazzling Spray                 Conjuration/Hexes            3
   d - Fulminant Prism                Conjuration/Hexes            4
   e - Force Lance                    Conjuration/Translocation    4
   f - Iskenderun's Mystic Blast      Conjuration                  4
 A - a book of Minor Magic

   Spells                             Type                      Level
   a - Magic Dart                     Conjuration                  1
   b - Blink                          Translocation                2
   c - Call Imp                       Summoning                    2
   d - Slow                           Hexes                        2
   e - Conjure Flame                  Conjuration/Fire             3
   f - Mephitic Cloud                 Conjuration/Poison/Air       3
 D - a book of Changes

   Spells                             Type                      Level
   a - Beastly Appendage              Transmutation                1
   b - Sticks to Snakes               Transmutation                2
   c - Spider Form                    Transmutation/Poison         3
   d - Ice Form                       Ice/Transmutation            4
   e - Blade Hands                    Transmutation                5
 H - a manual of Dodging
 I - Sif Muna's Disquisition on the Dark Mountains
   (Sif Muna gifted it to you on level 9 of the Dungeon)

   Spells                             Type                      Level
   a - Sandblast                      Earth                        1
   b - Control Undead                 Necromancy                   4
   c - Cigotuvi's Embrace             Necromancy                   5
   d - Dispel Undead                  Necromancy                   5
   e - Simulacrum                     Ice/Necromancy               6
   f - Statue Form                    Transmutation/Earth          6
   g - Lehudib's Crystal Spear        Conjuration/Earth            8
 P - Gofipewaf's Almanac of Beguiling
   (Sif Muna gifted it to you on level 11 of the Dungeon)

   Spells                             Type                      Level
   a - Ensorcelled Hibernation        Hexes/Ice                    2
   b - Tukima's Dance                 Hexes                        3
   c - Silence                        Hexes/Air                    5
   d - Summon Mana Viper              Hexes/Summoning              5
   e - Yara's Violent Unravelling     Hexes/Transmutation          5
   f - Invisibility                   Hexes                        6
Comestibles
 b - 10 bread rations
 l - 11 meat rations
 m - 13 royal jellies
 o - 9 fruits


   Skills:
 * Level 5.6 Fighting
 * Level 6.5 Dodging
 + Level 3.8 Stealth
 * Level 7.3 Unarmed Combat
 * Level 14.5 Spellcasting
 + Level 10.4 Conjurations
 + Level 3.1 Hexes
 * Level 6.2 Transmutations
 * Level 3.7 Earth Magic
 * Level 4.0 Invocations


You had 12 spell levels left.
You knew the following spells:

 Your Spells              Type           Power        Failure   Level  Hunger
a - Magic Dart            Conj           ####         1%          1    None
b - Iskenderun's Mystic   Conj           ######..     1%          4    None
c - Fulminant Prism       Conj/Hex       #####.....   3%          4    None
d - Slow                  Hex            ###.....     1%          2    None
e - Blade Hands           Tmut           #####.....   11%         5    ####...
f - Statue Form           Tmut/Erth      ####.....    69%         6    #####..
g - Invisibility          Hex            ###.....     90%         6    #####..


Dungeon Overview and Level Annotations

Branches:
Dungeon (13/15)            Temple (1/1) D:4            Lair (0/6) D:9
    Orc (0/2) D:10
 Vaults: D:13-14

Altars:
Ashenzari
Cheibriados
Dithmenos
Elyvilon
Fedhas
Gozag
Hepliaklqana
Kikubaaqudgha
Makhleb
Nemelex Xobeh
Okawaru
Qazlal
Ru
Sif Muna
Trog
Uskayaw
Vehumet
Xom
Yredelemnul
Zin
The Shining One
Beogh

Annotations:
D:13 Kirke


Innate Abilities, Weirdness & Mutations

((You can breathe bolts of dispelling energy.))
((Your rich purple scales are hard. (AC +8)))
You cannot fit into any form of body armour.
((You are cold-blooded and may be slowed by cold attacks.))
((Your tail ends in a poisonous barb.))
Your body sometimes deteriorates upon taking damage.
You passively map a small area around you.
((You are resistant to electric shocks. (rElec)))


Message History

You resist with some effort.
Okay, then.
As you read the scroll of fear, it crumbles to dust.
You assume a fearsome visage.
The lindwurm resists with some effort.
Kirke easily resists.
The hog looks frightened!
The lindwurm bites you!
* * * LOW HITPOINT WARNING * * *
The lindwurm claws you.
* * * LOW HITPOINT WARNING * * *
The lindwurm closely misses you. Kirke hits you!
* * * LOW HITPOINT WARNING * * *
Okay, then.
Okay, then.
Okay, then.
You feel better. The lindwurm misses you. The lindwurm closely misses you.
The lindwurm barely misses you.
Kirke points at you and mumbles some strange words.
You feel yourself slow down.
As you read the scroll of teleportation, it crumbles to dust.
You feel strangely unstable. The lindwurm bites you!
You die...

* #.%......h...#
..........)......#
.................#
................h#
...............))#
.####.....######)#
##....# #(# ##...#
#@# ,#. #h# * #k#
#.# #.# * #(# , ,,
#.# * #.# #.# #.#


You could see Kirke, a lindwurm and a hog (fleeing).

Vanquished Creatures
  A hydra (D:13)
  6 two-headed ogres
  3 centaur warriors
  An unseen horror (D:11)
  Pikel (D:4)
  A deep elf mage (D:13)
  A cyclops (D:9)
  A manticore (D:12)
  A centaur zombie (D:11)
  Psyche (D:8)
  Joseph (D:7)
  A yaktaur (D:13)
  An efreet (D:11)
  2 hornets
  3 trolls
  Prince Ribbit (D:8)
  6 hippogriffs
  2 shadows
  5 yaks (D:13)
  Sigmund (D:4)
  9 hogs
  2 humans
  4 vampire mosquitoes
  2 hungry ghosts
  Menkaure (D:4)
  A water moccasin (D:10)
  3 ice beasts
  A porcupine (D:9)
  11 orc warriors
  2 eyes of draining
  A necrophage (D:7)
  A phantom (D:7)
  2 sky beasts
  3 black bears
  8 ogres
  4 wolves (D:9)
  20 centaurs
  4 crocodiles
  4 bullfrogs
  3 big kobolds
  6 scorpions
  12 killer bees
  A wight (D:13)
  7 howler monkeys
  2 bullfrog zombies
  13 crimson imps
  4 jellies
  13 orc priests
  10 hounds
  6 centaur skeletons
  5 bullfrog skeletons
  7 iguanas
  13 orc wizards
  11 worker ants
  A killer bee zombie (D:7)
  A hound skeleton (D:10)
  A howler monkey zombie (D:10)
  A worker ant zombie (D:7)
  9 gnolls
  13 adders
  6 river rats (Sewer)
  5 shadow imps
  2 oozes (D:3)
  3 adder skeletons
  5 worms
  3 dart slugs
  10 leopard geckos
  61 orcs
  8 giant cockroaches
  6 goblins
  11 hobgoblins
  18 jackals
  3 quokkas
  7 ball pythons (Sewer)
  8 bats
  13 frilled lizards
  22 kobolds
  A quokka skeleton (D:7)
  34 rats
488 creatures vanquished.

Vanquished Creatures (others)
  A sky beast (D:12)
  A slave (D:4)
  A crimson imp (D:4)
  2 hounds (D:4)
  An adder skeleton (D:4)
  A goblin (D:4)
  A fulminant prism (D:5)
  A fungus (D:9)
9 creatures vanquished.

Grand Total: 497 creatures vanquished

Notes
Turn   | Place    | Note
-------+----------+-------------------------------------------
     0 | D:1      | McKennaii the Draconian Conjurer began the quest for the Orb.
     0 | D:1      | Reached XP level 1. HP: 14/14 MP: 3/3
   382 | D:1      | Reached XP level 2. HP: 16/20 MP: 0/5
   944 | D:1      | Reached XP level 3. HP: 24/26 MP: 4/6
  1342 | D:2      | Reached skill level 1 in Unarmed Combat
  1542 | D:2      | Gained mutation: You passively map a small area around you. [potion of mutation]
  1542 | D:2      | Gained mutation: You are frail. (-10% HP) [potion of mutation]
  1542 | D:2      | Gained mutation: You have sharp toenails. [potion of mutation]
  1545 | D:2      | Reached XP level 4. HP: 6/29 MP: 3/8
  2415 | D:2      | Reached skill level 3 in Spellcasting
  2427 | D:2      | Found a bloodstained altar of Trog.
  2428 | D:2      | Found an iron altar of Okawaru.
  2562 | D:2      | Reached XP level 5. HP: 15/34 MP: 1/9
  2818 | D:3      | Reached skill level 5 in Conjurations
  3662 | D:4      | Noticed Sigmund
  3807 | D:4      | Learned a level 4 spell: Iskenderun's Mystic Blast
  3822 | D:4      | Found a staircase to the Ecumenical Temple.
  3855 | D:4      | Noticed Menkaure
  3867 | D:4      | Killed Menkaure
  3867 | D:4      | Reached XP level 6. HP: 12/41 MP: 1/11
  3881 | D:4      | Noticed Pikel
  3889 | Temple   | Entered the Ecumenical Temple
  3971 | Temple   | Became a worshipper of Sif Muna the Loreminder
  4128 | D:4      | Noticed a slave
  4152 | D:4      | Killed Pikel
  4152 | D:4      | Reached skill level 5 in Spellcasting
  4152 | D:4      | Your scales start taking on a rich purple colour.
  4152 | D:4      | Reached skill level 6 in Spellcasting
  4152 | D:4      | Reached XP level 7. HP: 11/45 MP: 0/16
  4422 | D:4      | Found a glowing silver altar of Zin.
  4778 | D:4      | Reached skill level 7 in Spellcasting
  4970 | D:4      | Killed Sigmund
  4970 | D:4      | Reached * piety under Sif Muna
  4970 | D:4      | Reached XP level 8. HP: 52/52 MP: 10/19
  5760 | D:4      | Reached skill level 1 in Fighting
  5763 | D:5      | Entered Level 5 of the Dungeon
  5841 | D:5      | Reached skill level 8 in Spellcasting
  5852 | D:5      | Learned a level 4 spell: Fulminant Prism
  6412 | D:5      | Lost mutation: You are frail. (-10% HP) [potion of mutation]
  6412 | D:5      | Lost mutation: You have sharp toenails. [potion of mutation]
  6412 | D:5      | Gained mutation: Your tail ends in a poisonous barb. [potion of mutation]
  6412 | D:5      | Gained mutation: Your body sometimes deteriorates upon taking damage. [potion of mutation]
  6412 | D:5      | Gained mutation: You are resistant to electric shocks. (rElec) [potion of mutation]
  6961 | D:5      | Reached skill level 9 in Spellcasting
  6981 | D:5      | Reached ** piety under Sif Muna
  7101 | D:5      | Reached XP level 9. HP: 64/64 MP: 15/22
  8087 | D:6      | Learned a level 2 spell: Slow
  8271 | D:6      | Learned a level 5 spell: Blade Hands
  8294 | D:6      | Found a glowing drain.
  8304 | Sewer    | Entered a sewer
  8708 | Sewer    | Reached skill level 10 in Spellcasting
  9433 | D:6      | Found a hazy altar of Hepliaklqana.
  9708 | D:7      | Found a white marble altar of Elyvilon.
  9811 | D:7      | Reached *** piety under Sif Muna
  9878 | D:7      | Reached skill level 1 in Transmutations
 10142 | D:7      | Noticed Joseph
 10305 | D:6      | Reached skill level 5 in Unarmed Combat
 10661 | D:7      | Reached XP level 10. HP: 65/72 MP: 7/24
 10923 | D:7      | Killed Joseph
 10923 | D:7      | Reached skill level 11 in Spellcasting
 11188 | D:7      | Found a shadowy altar of Dithmenos.
 11755 | D:7      | Reached **** piety under Sif Muna
 12402 | D:8      | Noticed Psyche
 12404 | D:8      | Killed Psyche
 12473 | D:8      | Noticed a two-headed ogre
 12884 | D:8      | Killed a two-headed ogre
 12884 | D:8      | Reached skill level 12 in Spellcasting
 12997 | D:8      | Noticed Prince Ribbit
 13000 | D:8      | Killed Prince Ribbit
 13362 | D:9      | Reached XP level 11. HP: 71/81 MP: 7/27
 13472 | D:9      | Found a staircase to the Lair.
 13853 | D:9      | Noticed a two-headed ogre
 13860 | D:9      | Killed a two-headed ogre
 13860 | D:9      | Reached ***** piety under Sif Muna
 13860 | D:9      | Identified Sif Muna's Disquisition on the Dark Mountains (Sif Muna gifted it to you on level 9 of the Dungeon)
 13860 | D:9      | Received a gift from Sif Muna
 13869 | D:9      | Learned a level 6 spell: Statue Form
 14061 | D:9      | Found a shimmering altar of Xom.
 15074 | D:9      | Reached skill level 1 in Earth Magic
 15408 | D:9      | Reached skill level 1 in Invocations
 15561 | D:10     | Entered Level 10 of the Dungeon
 16120 | D:10     | Noticed a two-headed ogre
 16125 | D:10     | Killed a two-headed ogre
 16125 | D:10     | Reached skill level 1 in Hexes
 16344 | D:10     | Reached skill level 13 in Spellcasting
 16505 | D:10     | Found a staircase to the Orcish Mines.
 17078 | D:10     | Noticed a two-headed ogre
 17100 | D:10     | Killed a two-headed ogre
 17385 | D:10     | Reached skill level 5 in Transmutations
 17734 | D:10     | Noticed a two-headed ogre
 17741 | D:10     | Killed a two-headed ogre
 17898 | D:11     | Killed an unseen horror
 18591 | D:11     | Noticed a centaur warrior
 18593 | D:11     | Killed a centaur warrior
 18593 | D:11     | Reached XP level 12. HP: 66/92 MP: 9/29
 19035 | D:11     | Identified Gofipewaf's Almanac of Beguiling (Sif Muna gifted it to you on level 11 of the Dungeon)
 19035 | D:11     | Received a gift from Sif Muna
 19044 | D:11     | Learned a level 6 spell: Invisibility
 19494 | D:12     | Reached skill level 5 in Dodging
 19781 | D:12     | Found a roughly hewn altar of Beogh.
 20980 | D:13     | Reached skill level 10 in Conjurations
 20983 | D:13     | Reached skill level 14 in Spellcasting
 21124 | D:13     | Noticed a four-headed hydra
 21277 | D:13     | Killed a four-headed hydra
 21277 | D:13     | Reached skill level 5 in Fighting
 21415 | D:13     | Noticed a two-headed ogre
 21421 | D:13     | Killed a two-headed ogre
 21508 | D:13     | Found a stormy altar of Qazlal.
 21732 | D:13     | Noticed a centaur warrior
 22043 | D:13     | Killed a centaur warrior
 22539 | D:13     | Noticed Kirke
 22840 | D:13     | Noticed a centaur warrior
 22852 | D:13     | Killed a centaur warrior
 23125 | D:13     | HP: 1/95 [Kirke (8)]
 23127 | D:13     | Slain by a lindwurm

Skill      XL: |  1  2  3  4  5  6  7  8  9 10 11 12 |
---------------+-------------------------------------+-----
Unarmed Combat | 1 2 3 4 5 6 7 |  7.3
Dodging        | 2 3 4 6 |  6.5
Spellcasting   | 3 6 7 9 10 12 13 14 | 14.5
Conjurations   | 5 6 7 8 9 10 | 10.4
Stealth        | 2 3 |  3.8
Fighting       | 1 2 4 5 |  5.6
Transmutations | 2 3 5 6 |  6.2
Earth Magic    | 2 3 |  3.7
Invocations    | 2 4 |  4.0
Hexes          | 2 3 |  3.1

Action                   |  1- 3 |  4- 6 |  7- 9 | 10-12 || total
-------------------------+-------+-------+-------+-------++-------
Melee: Unarmed           |   120 |    54 |   233 |   221 ||   628
       Tailslap          |     7 |     4 |    32 |    33 ||    76
       Kick              |     2 |    10 |    11 |       ||    23
       Punch             |       |       |     6 |    10 ||    16
       Staff             |       |       |       |    72 ||    72
 Cast: Magic Dart        |    58 |   132 |   330 |   406 ||   926
       Iskenderun's Myst |       |     3 |    52 |   279 ||   334
       Fulminant Prism   |       |       |     1 |       ||     1
       Blade Hands       |       |       |       |    15 ||    15
       Slow              |       |       |       |     4 ||     4
Invok: Divine Energy     |       |       |       |     2 ||     2
       Stop Divine Energ |       |       |       |     1 ||     1
 Abil: Breathe Dispellin |       |       |       |     5 ||     5
  Use: Potion            |     3 |     4 |     5 |    12 ||    24
       Scroll            |       |       |     4 |    10 ||    14
 Stab: Sleeping          |       |       |       |     1 ||     1
  Eat: Chunk             |     3 |     7 |    16 |    38 ||    64
       Bread ration      |       |       |     2 |       ||     2
       Meat ration       |       |       |     1 |     1 ||     2
Armor: Skin              |    36 |    19 |   154 |   186 ||   395
Dodge: Dodged            |    82 |    46 |   262 |   376 ||   766
